Map: Forteresse de fer EC

Players

Bashlol

  • Race: Zerg Zerg

AgCl - Winner!

  • Race: Protoss Protoss

VOD

Have the link to the VOD?

Description

Time

  • Played on: May 16, 2015, 7:05 p.m.
  • Length: 2:36
Show
View Real Time Build Order
Export as new Build Order

Bashlol Zerg 

Build Orders: Hatch First 

Get SALT Encoding   

  12  0:01  Drone  
  13  0:08  Drone  
  14  0:16  Overlord  
  14  0:35  Drone x3  
  17  0:58  Extractor  
  17  1:00  Hatchery  
  15  1:10  Spawning Pool  
  14  1:11  Drone  
  14  1:15  Drone  
  14  1:18  Drone  
  17  1:23  Drone  
  18  1:33  Drone  
  19  1:48  Overlord  
  19  1:56  Queen, Zergling x2  
  22  2:13  Drone x2  
Show
View Real Time Build Order
Export as new Build Order

AgCl Protoss - Winner!

Build Orders:  

Get SALT Encoding   

  12  0:15  Pylon  
  12  0:30  Probe  
  13  0:36  Forge  
  13  0:42  Probe  
  14  0:54  Probe  
  14  0:55  Assimilator  
  15  1:06  Probe (Chrono Boost)  
  16  1:18  Probe (Chrono Boost)  
  17  1:25  Probe (Chrono Boost)  
  18  1:31  Gateway  
  18  1:35  Probe (Chrono Boost)  
  19  1:47  Probe (Chrono Boost)  
  20  1:53  Probe (Chrono Boost)  
  21  2:00  Pylon  
  21  2:01  Pylon  
  21  2:04  Probe  
  22  2:14  Pylon  
  22  2:19  Photon Cannon  
  22  2:22  Gateway  
  22  2:29  Photon Cannon  
  22  2:33  Photon Cannon  
Tags
 
Add a new tag
Caveats
  • Supply blocks, unpowered buildings, or Contaminate may cause inaccurate times.
  • Supply counts are checked every 10 seconds.